[ AOE2 MATCH · #505114460 ]
UnrankedJapanese vs Malay
Player's team · WIN
Rival team · LOSS
[ REPLAY ANALYSIS · EXTRACTED FROM THE RECORDED GAME ]
Feudal
8:55
Castle
—
Imperial
—
| APM avg | 80.7 |
| APM peak | 110 |
| eAPM avg | 25.9 |
| Villagers / military | 44 / 21 |
Focus
⚔️ 25.1% · 🌾 74.9%
Skirmisher ×13 · Militia ×5 · Archer ×2 · Spearman ×1
Feudal
8:05
Castle
—
Imperial
—
| APM avg | 63.6 |
| APM peak | 117 |
| eAPM avg | 21.2 |
| Villagers / military | 39 / 12 |
Focus
⚔️ 27.8% · 🌾 72.2%
Skirmisher ×9 · Archer ×2 · Spearman ×1
Match map
Initial resources + every placement click. Lines = walls · curves = elevation contours. ◆ gold · ⬟ stone · ● berries · ✦ relic · ◌ wall gap
Your base· Open — 5t gap
老愛國's base· Open — 6t gap
Smoothed initial terrain · ◌ = detected wall gap · hover for details
Inputs per minute
— _TieuQuy - - 老愛國
Build order — _TieuQuy
115 actions detected in the replay
| 0:01 | Create | Villager (Male) |
| 0:01 | Create | Villager (Male) |
| 0:03 | Build | House |
| 0:04 | Build | House |
| 0:12 | Create | Villager (Male) |
| 0:12 | Create | Villager (Male) |
| 0:12 | Create | Villager (Male) |
| 1:28 | Create | Villager (Male) |
| 1:28 | Create | Villager (Male) |
| 2:02 | Create | Villager (Male) |
| 2:03 | Create | Villager (Male) |
| 2:07 | Build | Lumber Camp |
| 2:21 | Create | Villager (Male) |
| 2:21 | Create | Villager (Male) |
| 2:48 | Create | Villager (Male) |
| 2:49 | Create | Villager (Male) |
| 3:18 | Create | Villager (Male) |
| 3:19 | Create | Villager (Male) |
| 3:41 | Create | Villager (Male) |
| 3:41 | Create | Villager (Male) |
| 3:55 | Build | House |
| 4:02 | Create | Villager (Male) |
| 4:24 | Create | Villager (Male) |
| 4:39 | Build | Barracks |
| 4:52 | Create | Villager (Male) |
| 5:06 | Build | House |
| 5:10 | Build | House |
| 5:12 | Create | Villager (Male) |
| 5:13 | Create | Villager (Male) |
| 5:28 | Build | Palisade Wall |
| 5:52 | Create | Villager (Male) |
| 6:09 | Research | Loom |
| 6:21 | Build | Mining Camp |
| 6:45 | Research | Feudal Age |
| 6:46 | Research | Feudal Age |
| 7:00 | Create | Militia |
| 7:16 | Create | Militia |
| 7:21 | Build | Lumber Camp |
| 7:29 | Create | Militia |
| 7:43 | Build | House |
| 8:12 | Create | Villager (Male) |
| 8:55 | Age | Feudal Age |
| 8:58 | Research | Man-at-Arms (upgrade) |
| 8:59 | Research | Man-at-Arms (upgrade) |
| 8:59 | Create | Villager (Male) |
| 9:04 | Build | Archery Range |
| 9:24 | Build | Mill |
| 9:34 | Create | Villager (Male) |
| 9:42 | Build | House |
| 9:59 | Create | Spearman |
| 10:02 | Create | Villager (Male) |
| 10:08 | Create | Archer |
| 10:28 | Create | Villager (Male) |
| 10:34 | Create | Archer |
| 10:52 | Create | Villager (Male) |
| 11:18 | Create | Villager (Male) |
| 11:19 | Build | Blacksmith |
| 11:30 | Create | Skirmisher |
| 11:43 | Create | Villager (Male) |
| 11:57 | Create | Skirmisher |
| 12:01 | Build | Farm |
| 12:02 | Build | Farm |
| 12:04 | Build | House |
| 12:05 | Research | Fletching |
| 12:19 | Create | Villager (Male) |
| 12:22 | Build | House |
| 12:43 | Create | Villager (Male) |
| 12:45 | Build | Farm |
| 12:49 | Create | Skirmisher |
| 12:52 | Build | Farm |
| 12:52 | Build | Farm |
| 12:52 | Build | Farm |
| 13:08 | Create | Skirmisher |
| 13:10 | Build | House |
| 13:11 | Create | Villager (Male) |
| 13:25 | Create | Skirmisher |
| 13:31 | Create | Villager (Male) |
| 13:33 | Build | Farm |
| 13:40 | Build | House |
| 14:04 | Create | Villager (Male) |
| 14:05 | Build | Farm |
| 14:05 | Create | Skirmisher |
| 14:21 | Create | Skirmisher |
| 14:22 | Create | Militia |
| 14:40 | Create | Villager (Male) |
| 14:43 | Build | Farm |
| 14:44 | Build | Farm |
| 14:45 | Build | House |
| 14:48 | Create | Skirmisher |
| 14:49 | Create | Militia |
| 15:09 | Create | Villager (Male) |
| 15:11 | Build | Farm |
| 15:12 | Build | Farm |
| 15:21 | Create | Skirmisher |
| 15:25 | Research | Padded Archer Armor |
| 15:25 | Research | Padded Archer Armor |
| 15:27 | Build | House |
| 15:29 | Research | Scale Mail Armor |
| 15:29 | Research | Scale Mail Armor |
| 15:37 | Create | Villager (Male) |
| 15:44 | Build | House |
| 15:54 | Create | Villager (Male) |
| 15:55 | Build | Farm |
| 16:11 | Create | Skirmisher |
| 16:28 | Create | Villager (Male) |
| 16:30 | Build | House |
| 16:32 | Build | Palisade Wall |
| 16:43 | Create | Skirmisher |
| 16:44 | Create | Villager (Male) |
| 16:46 | Build | Farm |
| 17:21 | Create | Villager (Male) |
| 17:30 | Create | Skirmisher |
| 17:43 | Create | Skirmisher |
| 18:04 | Create | Villager (Male) |
| 18:06 | Build | Market |
Build order — 老愛國
102 actions detected in the replay
| 0:00 | Create | Villager (Male) |
| 0:00 | Create | Villager (Male) |
| 0:00 | Create | Villager (Male) |
| 0:01 | Create | Villager (Male) |
| 0:01 | Create | Villager (Male) |
| 0:02 | Build | House |
| 0:03 | Build | House |
| 1:42 | Create | Villager (Male) |
| 2:00 | Create | Villager (Male) |
| 2:01 | Create | Villager (Male) |
| 2:30 | Create | Villager (Male) |
| 2:59 | Create | Villager (Male) |
| 3:26 | Create | Villager (Male) |
| 3:27 | Create | Villager (Male) |
| 3:32 | Build | House |
| 3:33 | Build | House |
| 3:44 | Create | Villager (Male) |
| 3:52 | Create | Villager (Male) |
| 3:52 | Create | Villager (Male) |
| 3:53 | Create | Villager (Male) |
| 3:53 | Create | Villager (Male) |
| 3:56 | Build | Lumber Camp |
| 5:04 | Create | Villager (Male) |
| 5:57 | Create | Villager (Male) |
| 5:59 | Build | Mill |
| 6:31 | Research | Feudal Age |
| 6:52 | Research | Loom |
| 6:59 | Build | House |
| 7:04 | Build | Palisade Wall |
| 7:06 | Build | Palisade Wall |
| 7:18 | Create | Villager (Male) |
| 7:51 | Build | Palisade Wall |
| 8:05 | Age | Feudal Age |
| 8:10 | Research | Double-Bit Axe |
| 8:45 | Build | Barracks |
| 8:56 | Create | Villager (Male) |
| 9:13 | Build | Palisade Wall |
| 9:14 | Build | Palisade Wall |
| 9:18 | Build | Palisade Wall |
| 9:22 | Create | Villager (Male) |
| 9:33 | Build | Archery Range |
| 9:37 | Create | Villager (Male) |
| 9:44 | Build | House |
| 9:55 | Build | Mining Camp |
| 10:02 | Create | Spearman |
| 10:03 | Create | Villager (Male) |
| 10:07 | Create | Archer |
| 10:13 | Build | House |
| 10:15 | Build | Palisade Wall |
| 10:31 | Build | House |
| 10:32 | Create | Villager (Male) |
| 10:47 | Build | House |
| 10:51 | Create | Skirmisher |
| 10:52 | Create | Villager (Male) |
| 11:20 | Create | Villager (Male) |
| 11:24 | Create | Archer |
| 11:37 | Build | House |
| 11:42 | Build | Blacksmith |
| 11:46 | Create | Villager (Male) |
| 12:01 | Build | Palisade Wall |
| 12:04 | Build | Palisade Wall |
| 12:13 | Create | Villager (Male) |
| 12:19 | Create | Skirmisher |
| 12:25 | Build | House |
| 12:27 | Build | Palisade Wall |
| 12:28 | Research | Fletching |
| 12:31 | Build | Palisade Wall |
| 12:38 | Create | Villager (Male) |
| 12:53 | Build | House |
| 13:02 | Create | Skirmisher |
| 13:04 | Create | Villager (Male) |
| 13:24 | Create | Villager (Male) |
| 13:28 | Build | Farm |
| 13:33 | Build | Palisade Wall |
| 13:51 | Create | Skirmisher |
| 13:51 | Create | Skirmisher |
| 14:10 | Create | Skirmisher |
| 14:14 | Create | Villager (Male) |
| 14:44 | Build | Farm |
| 14:52 | Build | Palisade Wall |
| 14:59 | Create | Skirmisher |
| 15:10 | Build | Mining Camp |
| 15:14 | Create | Villager (Male) |
| 15:18 | Build | Lumber Camp |
| 15:25 | Create | Skirmisher |
| 15:44 | Build | House |
| 15:46 | Build | Farm |
| 15:47 | Create | Villager (Male) |
| 15:54 | Build | Palisade Wall |
| 15:57 | Create | Villager (Male) |
| 16:14 | Build | Watch Tower |
| 16:24 | Build | Farm |
| 16:29 | Build | House |
| 16:30 | Create | Villager (Male) |
| 16:35 | Create | Skirmisher |
| 17:07 | Build | House |
| 17:15 | Create | Villager (Male) |
| 17:39 | Build | Market |
| 17:45 | Build | Palisade Wall |
| 17:49 | Build | Farm |
| 17:49 | Create | Villager (Male) |
| 17:56 | Build | Palisade Gate |
Match timeline
| 4:39 | _TieuQuy · first_building Barracks |
| 5:28 | _TieuQuy · wall_segment Palisade Wall x4 |
| 7:04 | 老愛國 · wall_segment Palisade Wall x1 |
| 7:06 | 老愛國 · wall_segment Palisade Wall x1 |
| 7:51 | 老愛國 · wall_segment Palisade Wall x1 |
| 8:05 | 老愛國 · age_up feudal |
| 8:45 | 老愛國 · first_building Barracks |
| 8:55 | _TieuQuy · age_up feudal |
| 9:04 | _TieuQuy · first_building Archery Range |
| 9:13 | 老愛國 · wall_segment Palisade Wall x1 |
| 9:14 | 老愛國 · wall_segment Palisade Wall x1 |
| 9:18 | 老愛國 · wall_segment Palisade Wall x1 |
| 9:33 | 老愛國 · first_building Archery Range |
| 10:15 | 老愛國 · wall_segment Palisade Wall x1 |
| 12:01 | 老愛國 · wall_segment Palisade Wall x1 |
| 12:04 | 老愛國 · wall_segment Palisade Wall x1 |
| 12:27 | 老愛國 · wall_segment Palisade Wall x1 |
| 12:31 | 老愛國 · wall_segment Palisade Wall x15 |
| 13:33 | 老愛國 · wall_segment Palisade Wall x1 |
| 14:52 | 老愛國 · wall_segment Palisade Wall x5 |
| 15:54 | 老愛國 · wall_segment Palisade Wall x1 |
| 16:32 | _TieuQuy · wall_segment Palisade Wall x9 |
| 17:45 | 老愛國 · wall_segment Palisade Wall x5 |
| 18:09 | 老愛國 · resign |
[ AI ANALYSIS · 1 CREDIT ]
What really happened in this match?
Wolo.gg analyzes every decision: build order, eco, micro, common mistakes by bracket. Personalized analysis on WhatsApp or Discord in 30 seconds.
Civ guide
Japanese
Perfil
Jugador #2593750